 Dungeon Crawl Stone Soup version 0.28-a0-1087-gf3fc490d9d (webtiles) character file.

Game seed: 5515775707095024096

0 ytrimaz the Insei (level 1, 0/13 HPs)
             Began as an Octopode Transmuter on Dec 10, 2021.
             Slain by a hobgoblin (3 damage)
             ... on level 1 of the Dungeon.
             The game lasted 00:00:08 (34 turns).

ytrimaz the Insei (Octopode Transmuter)               Turns: 34, Time: 00:00:08

Health: 0/13       AC:  1    Str:  9    XL:     1   Next: 10%
Magic:  3/3        EV: 13    Int: 15    God:
Gold:   0          SH:  0    Dex: 12    Spells: 3/4 levels left

rFire   . . .      SeeInvis .     - Unarmed
rCold   . . .      Faith    .   (no shield)
rNeg    . . .      Spirit   .   (helmet restricted)
rPois   .          Reflect  .   (no amulet)
rElec   .          Harm     .   (no ring)
rCorr   .          Rampage  .   (no ring)
Will    .....                   (no ring)
Stlth   ++........              (no ring)
HPRegen 0.04/turn               (no ring)
MPRegen 0.08/turn               (no ring)
                                (no ring)
                                (no ring)

@: no status effects
A: almost no armour, amphibious, 8 rings, camouflage 1, gelatinous body 1,
(nimble swimmer 1), tentacles
a: no special abilities


You were on level 1 of the Dungeon.
You visited 1 branch of the dungeon, and saw 1 of its levels.

You aren't carrying anything.


   Skills:
 * Level 1.0 Fighting
 * Level 2.0 Dodging
 + Level 3.0 Unarmed Combat
 * Level 2.0 Spellcasting
 * Level 2.0 Transmutations


You had 3 spell levels left.
You knew the following spells:

 Your Spells              Type           Power      Damage    Failure   Level
a - Beastly Appendage     Tmut           14%        N/A       10%         1

Your spell library contained the following spells:

 Spells                   Type           Power      Damage    Failure   Level
 Wereblood                Tmut           7%         N/A       14%         2
 Spider Form              Tmut/Pois      4%         N/A       41%         3
 Ice Form                 Ice/Tmut       4%         N/A       82%         4


Dungeon Overview and Level Annotations

Branches:
Dungeon (1/15)

Altars:


Innate Abilities, Weirdness & Mutations

You cannot wear most types of armour.
You are amphibious.
You can wear up to eight rings at the same time.
Your skin changes colour to match your surroundings (Stealth+).
Your rubbery body absorbs attacks. (AC +1, EV +1)
((You are camouflaged near water. (Stealth+)))
You have tentacles for arms and can constrict up to eight enemies at once.


Message History

A jackal and a hobgoblin come into view.
Found a pair of boots.
A jackal comes into view.
Your transformation is almost over.
The jackal barks!
The ball python hisses angrily.
The hobgoblin shouts!
The jackal barks!
You hear a shout!
Found a mace.
The jackal barks!
The jackal bites you. The ball python barely misses you.
The ball python completely misses you. The jackal misses you.
The ball python bites you. The ball python grabs you.
The ball python constricts you.
You tentacle-slap the ball python.
You kill the ball python!
The jackal bites you.
You are too injured to fight recklessly!
Unknown command.
The jackal misses you. The jackal misses you. The jackal barely misses you.
The jackal closely misses you.
You are too injured to fight recklessly!
You are too injured to fight recklessly!
You barely miss the jackal. Your grab misses the jackal.
Your tentacle spike misses the jackal.
You squeeze the jackal.
The jackal is almost dead.
The jackal bites you.
* * * LOW HITPOINT WARNING * * *
You tentacle-slap the hobgoblin but do no damage.
You grab the hobgoblin.
You pierce the hobgoblin, but do no damage.
You tentacle-slap the hobgoblin, but do no damage.
You squeeze the hobgoblin.
The hobgoblin is lightly wounded.
You constrict the hobgoblin, but do no damage.
The hobgoblin closely misses you. The jackal closely misses you.
You tentacle-slap the jackal.
You kill the jackal!
Your tentacle spike disappears.
You constrict the hobgoblin. The hobgoblin hits you.
You die...

#####...8.8.# ..
#.##........# #.
#.#.⌠.⌠.###.# .#
#.#.....#.'.# ..
#.'..8..#<#.# #.
#.#.....#.+.# #.
#.#.⌠.⌠.###.#
#.###.##........#
.#
#†@##.###...8.8.#
...#####g##.#
##...8..#
).....##hh..###
#.8.8.#
..........#...##
....
####.†........#
#............#
#...(......>.#
#............#
#............##


You could see 2 jackals and a hobgoblin.

Vanquished Creatures
  A jackal (D:1)
  A ball python (D:1)
2 creatures vanquished.

Notes
Turn   | Place    | Note
-------+----------+-------------------------------------------
     0 | D:1      | ytrimaz the Octopode Transmuter began the quest for the
                  | Orb.
     0 | D:1      | Reached XP level 1. HP: 13/13 MP: 3/3
    34 | D:1      | Slain by a hobgoblin

Illustrated notes

Levels and vault maps discovered:
D:1:      ncdulo_halloftheorcs, layout_rooms, chequers_mini_garden,
          lemuel_flame_loot_1

Action                   || total
-------------------------++-------
Melee: Unarmed           ||     4
       Tentacles         ||     2
       Constrict         ||     1
       Kick              ||     1
       Punch             ||     1
 Cast: Beastly Appendage ||     1
Dodge: Dodged            ||     9

Table legend: (Time is in decaauts)
 A = Elapsed time spent in this place.
 B = Non-inter-level travel time spent in this place.
 C = Inter-level travel time spent in this place.
 D = Time resting spent in this place.
 E = Time spent auto-exploring this place.
 F = Levels seen in this place.
 G = Mean time per level.
                   A        B        C        D        E       F      G
               +--------+--------+--------+--------+--------+-----+--------+
         Total |     34 |     34 |      0 |      0 |     20 |   1 |   34.0 |
       Dungeon |     34 |     34 |      0 |      0 |     20 |   1 |   34.0 |
               +--------+--------+--------+--------+--------+-----+--------+

Top non-repeatable levels by time:
     D:1: 34 daAuts
